 Dungeon Crawl Stone Soup version 0.27.1-35-g4d5d836560 (webtiles) character file.

Game seed: 17971209859943904805

108 cbfl8 the Sneak (level 4, 0/41 HPs)
             Began as a Minotaur Delver on Mar 19, 2022.
             Slain by Grinder (3 damage)
             ... on level 3 of the Dungeon.
             The game lasted 00:04:22 (2110 turns).

cbfl8 the Sneak (Minotaur Delver)                   Turns: 2110, Time: 00:04:22

Health: 0/41       AC:  6    Str: 16    XL:     4   Next: 58%
Magic:  0/3        EV: 10    Int:  7    God:
Gold:   158        SH:  0    Dex: 13    Spells: 3/3 levels left

rFire    + . .     SeeInvis .   h - +0 flail
rCold    x . .     Faith    .   (no shield)
rNeg     . . .     Spirit   +   i - +0 scale mail
rPois    .         Reflect  .   (helmet restricted)
rElec    .         Harm     .   l - scarf {repulsion}
rCorr    .         Rampage  .   (no gloves)
Will     .....                  (no boots)
Stlth    +.........             r - amulet of guardian spirit
HPRegen  0.13/turn              p - ring of fire
MPRegen  0.08/turn              (no ring)

@: repel missiles
A: horns 2, retaliatory headbutt
a: no special abilities


You were on level 3 of the Dungeon.
You visited 1 branch of the dungeon, and saw 5 of its levels.

You collected 158 gold pieces.

Inventory:

Hand Weapons
 a - a +0 hand axe
 h - a +0 flail (weapon)
Armour
 b - a +0 leather armour
 i - a +0 scale mail (worn)
 l - a scarf of repulsion (worn)
Jewellery
 p - a ring of fire (left hand)
 r - an amulet of guardian spirit (around neck)
Wands
 g - a wand of digging (3)
Scrolls
 c - a scroll of fog
 d - 2 scrolls of magic mapping
 e - a scroll of fear
 j - a scroll of blinking {unknown}
 n - a scroll of brand weapon {unknown}
 q - a scroll of teleportation {unknown}
 t - a scroll of enchant armour {unknown}
 u - a scroll of noise {unknown}
Potions
 f - a potion of haste
 k - a potion of heal wounds {unknown}
 m - a potion of lignification {unknown}
 o - 2 potions of mutation {unknown}
 s - a potion of flight {unknown}


   Skills:
 + Level 4.4 Fighting
 + Level 2.8(3.0) Axes
 + Level 1.0(2.1) Maces & Flails
 + Level 1.1 Armour
 + Level 2.3 Dodging
 + Level 5.1 Stealth


You had 3 spell levels left.
You didn't know any spells.
Your spell library contained the following spells:

 Spells                   Type           Power      Damage    Failure   Level
 Magic Dart               Conj           0%         1d3       86%         1
 Call Imp                 Summ           0%         N/A       95%         2
 Frozen Ramparts          Ice            0%         1d2       99%         3
 Ignite Poison            Fire/Tmut/Pois 0%         N/A       99%         3
 Mephitic Cloud           Conj/Pois/Air  0%         N/A       99%         3
 Ice Form                 Ice/Tmut       0%         N/A       100%        4
 Summon Ice Beast         Ice/Summ       0%         N/A       100%        4
 Bolt of Magma            Conj/Fire/Erth 0%         4d4       100%        5


Dungeon Overview and Level Annotations

Branches:
Dungeon (5/15)
 Temple: D:4-7

Altars:

Annotations:
D:2 Terence
D:3 Grinder


Innate Abilities, Weirdness & Mutations

You have a pair of horns on your head.
You reflexively headbutt those who attack you in melee.


Message History

You sock the quokka!
You kill the quokka!
Found 25 gold pieces.
You now have 146 gold pieces (gained 13).
You now have 158 gold pieces (gained 12).
Found an escape hatch in the ceiling.
Grinder comes into view.
Grinder shouts!
Grinder drinks a potion.
Grinder seems to speed up.
Grinder blinks!
Found 3 gold pieces.
Grinder gestures at you. Pain shoots through your body!
Grinder hits you but does no damage. Grinder hits you.
You writhe in agony.
You hit Grinder.
Grinder is lightly wounded.
Grinder hits you.
You writhe in agony.
Grinder says, "Don't move a muscle."
Grinder blinks!
Grinder says, "Mostly I couldn't keep them alive."
Grinder gestures at you. Pain shoots through your body!
Grinder gestures at you.
You suddenly lose the ability to move!
Grinder gestures at you. You resist with significant effort.
Grinder gestures at you.
You shrug off the repeated paralysis!
Grinder hits you but does no damage. Grinder hits you. Grinder hits you!
* * * LOW HITPOINT WARNING * * *
You writhe in agony.
* * * LOW HITPOINT WARNING * * *
You can move again.
You completely miss Grinder.
Grinder is lightly wounded.
Grinder barely misses you. Grinder hits you.
* * * LOW HITPOINT WARNING * * *
You writhe in agony.
You die...

......# #.# ......#
#.# ......#####.##
.............#
###################
#............5....#
.....###########.##
.....# #5# .....#
#@# .....# #.#
.....# #.# ....<#
#$# #.#### #.# .#
#.# #.# #.#


You could see Grinder (fast).

Vanquished Creatures
  A bullfrog skeleton (D:5)
  4 adders
  An ufetubus (D:4)
  An orc (D:5)
  2 endoplasms
  2 giant cockroaches
  2 goblins (D:1)
  2 hobgoblins (D:1)
  4 jackals (D:3)
  4 quokkas
  3 ball pythons (D:2)
  3 bats
  3 frilled lizards (D:1)
  4 kobolds
  5 rats
41 creatures vanquished.

Notes
Turn   | Place    | Note
-------+----------+-------------------------------------------
     0 | D:5      | cbfl8 the Minotaur Delver began the quest for the Orb.
     0 | D:5      | Reached XP level 1. HP: 19/19 MP: 0/0
    14 | D:5      | Reached XP level 2. HP: 26/27 MP: 1/1
    19 | D:5      | Reached XP level 3. HP: 15/33 MP: 2/2
   435 | D:3      | Reached skill level 5 in Stealth
   597 | D:3      | Reached XP level 4. HP: 40/40 MP: 3/3
  1414 | D:1      | Found a faded altar of an unknown god.
  1830 | D:2      | Reached skill level 1 in Armour
  1872 | D:2      | Noticed Terence
  1986 | D:3      | Reached skill level 1 in Maces & Flails
  2093 | D:3      | Noticed Grinder
  2104 | D:3      | Paralysed by Grinder for 6 turns
  2110 | D:3      | Slain by Grinder

Illustrated notes

Levels and vault maps discovered:
D:1:      nicolae_arrival_memento_mori, layout_loops_ring,
          hellmonk_ecumenical_altar_lost_god
D:2:      layout_loops_corners, uniq_terence
D:3:      layout_basic, minivault_25, minmay_bisected, uniq_grinder
D:4:      layout_loops_ring, fedhas_ov_isle_minmay,
          mainiacjoe_overflow_alcove_2, lemuel_crystal_altar,
          minmay_temple_entry_from_below_a, sigmund_army
D:5:      layout_basic, kennysheep_mini_moat

Skill      XL: |  1  2  3  4 |
---------------+-------------+-----
Fighting       | 4 |  4.4
Stealth        | 5 |  5.1
Armour         | 1 |  1.1
Maces & Flails | 1 |  1.0
Axes           | |  2.8
Dodging        | |  2.3

Action                   |  1- 3 |  4- 6 || total
-------------------------+-------+-------++-------
Melee: Hand axe          |     6 |       ||     6
       Headbutt          |     9 |     7 ||    16
       Flail             |    22 |    58 ||    80
 Stab: Sleeping          |       |     2 ||     2
Armor: Leather armour    |     2 |       ||     2
       Scale mail        |    14 |    33 ||    47
Dodge: Dodged            |    23 |    44 ||    67
